WCHLSIM.com - West Coast Hockey League
html PUBLIC "-//W3C//DTD XHTML 1.0 Transitional//EN" "http://www.w3.org/TR/xhtml1/DTD/xhtml1-transitional.dtd"> WCHL - Game 19 - TEXAS TOROS vs KANSAS CITY KILLERBEES

TEXAS TOROS vs KANSAS CITY KILLERBEES

Created - 15 octobre 2022 at 00:14

Goals
1 2 3 T
TEXAS TOROS 1 2 0 3
KANSAS CITY KILLERBEES 1 0 0 1
Shots
1 2 3 T
TEXAS TOROS 11 18 9 38
KANSAS CITY KILLERBEES 5 2 8 15

1st period

1. TEXAS TOROS , Alec Martinez 1 (Eetu Luostarinen 1, Barrett Hayton 1) at 3:58
2. KANSAS CITY KILLERBEES , Ryan Dzingel 1 (Keith Yandle 1, Anders Bjork 1) at 4:18

Penalties :
Mason Marchment (KCK) for Holding (Minor) at 0:40, Zach Aston-Reese (KCK) for Elbowing (Minor) at 6:59, Brandon Duhaime (TEX) for Tripping (Minor) at 11:51, Alec Martinez (TEX) for Roughing (Minor) at 15:59, Jacob Muzzin (KCK) for Hooking (Minor) at 19:04

2nd period

3. TEXAS TOROS , Barrett Hayton 1 (Richard Panik 1, Tyson Barrie 1) at 2:23
4. TEXAS TOROS , Vladislav Namestnikov 1 (Trevor Zegras 1, Nate Schmidt 1) at 16:44

Penalties :
No Penalty

3rd period

No Goal

Penalties :
Connor Bunnaman (TEX) for Hooking (Minor) at 9:06

Goalie Stats

Philipp Grubauer (TEX), 14 saves from 15 shots - (0,933), W, 1-0-0, 60:00 minutes
Ilya Samsonov (KCK), 35 saves from 38 shots - (0,921), L, 0-2-0, 60:00 minutes

Players Stats for TEXAS TOROS

Player Name              G  A  P  +/- PIM S  H  SB GA TA FO     MP     PP MP  PK MP  
------------------------------------------------------------------------------------
Alec Martinez            1  0  1   1  2   3  2  1  0  0  0/0    20:25   2:35   1:42 
Barrett Hayton           1  1  2   2  0   8  2  0  0  0  1/3    16:44   3:09   0:00 
Brandon Duhaime          0  0  0   0  2   0  2  0  0  0  0/0    12:00   0:00   0:34 
Connor Bunnaman          0  0  0  -1  2   0  0  0  0  0  4/5     8:06   0:00   0:14 
Dante Fabbro             0  0  0   0  0   1  0  1  0  0  0/0    13:26   0:00   0:00 
Eetu Luostarinen         0  1  1   2  0   6  0  0  0  0  9/18   19:34   3:09   2:50 
Jason Zucker             0  0  0   1  0   4  4  0  0  0  1/1    20:18   2:48   2:19 
Miles Wood               0  0  0  -1  0   0  1  0  0  0  0/0     7:53   0:00   0:00 
Nate Schmidt             0  1  1   1  0   0  2  0  0  0  0/0    25:03   3:22   3:10 
Philippe Myers           0  0  0   0  0   1  0  1  0  0  0/0    14:05   0:00   0:39 
Richard Panik            0  1  1   2  0   2  3  0  0  0  1/1    16:44   3:09   0:00 
Ryan Poehling            0  0  0   0  0   1  0  0  0  0  8/9    11:27   0:00   0:00 
Ryan Suter               0  0  0   1  0   1  2  0  0  0  0/0    25:29   3:22   3:36 
Taylor Raddysh           0  0  0   0  0   4  0  0  0  0  0/2    11:27   0:00   0:00 
Trevor Zegras            0  1  1   1  0   4  0  0  0  0  16/30  21:37   2:48   3:38 
Tyson Barrie             0  1  1   1  0   2  1  0  0  0  0/0    21:31   2:35   2:47 
Vladislav Namestnikov    1  0  1   1  0   1  0  0  0  0  0/0    20:18   2:48   2:19 
Yegor Chinakhov          0  0  0  -1  0   0  0  0  0  0  0/2     7:53   0:00   0:00 

Players Stats for KANSAS CITY KILLERBEES

Player Name              G  A  P  +/- PIM S  H  SB GA TA FO     MP     PP MP  PK MP  
------------------------------------------------------------------------------------
Alexis Lafreniere        0  0  0  -1  0   1  0  1  0  0  5/17   17:59   3:12   1:16 
Anders Bjork             0  1  1   0  0   1  0  0  0  0  0/1    10:53   0:14   0:00 
Buddy Robinson           0  0  0   0  0   0  1  0  0  0  3/7     7:56   0:00   0:00 
Cam Fowler               0  0  0  -1  0   1  0  2  0  0  0/0    26:03   0:35   0:40 
Colin Miller             0  0  0  -1  0   1  2  2  0  0  0/0    25:45   2:49   2:24 
Jacob Muzzin             0  0  0  -1  2   0  0  2  0  0  0/0    19:36   2:32   1:44 
Jake Lucchini            0  0  0   0  0   0  0  0  0  0  0/0     8:38   0:42   0:00 
James van Riemsdyk       0  0  0  -1  0   1  1  0  0  0  1/3    20:40   2:09   2:31 
K'Andre Miller           0  0  0  -1  0   0  1  2  0  0  0/0    22:43   3:25   3:33 
Keith Yandle             0  1  1   0  0   0  1  0  0  0  0/0    12:46   2:33   0:00 
MacKenzie Entwistle      0  0  0   0  0   0  3  0  0  0  0/1    10:39   0:00   0:00 
Mason Marchment          0  0  0  -1  2   3  4  0  0  0  3/6    20:54   2:45   2:10 
Michael Chaput           0  0  0   0  0   0  1  0  0  0  1/1     7:56   0:00   0:00 
Ryan Dzingel             1  0  1   0  0   4  0  0  0  0  5/13   17:11   3:06   3:26 
Tyler Johnson            0  0  0  -1  0   0  0  0  0  0  2/3    13:31   0:00   0:00 
Will Butcher             0  0  0   0  0   0  1  1  0  0  0/0    13:06   0:00   3:33 
Yegor Sharangovich       0  0  0  -1  0   1  0  0  0  0  11/19  21:16   2:45   2:31 
Zach Aston-Reese         0  0  0  -1  2   2  1  0  0  0  0/0    16:28   2:58   0:00 

3 Stars

1 - Barrett Hayton (TEX)
2 - Richard Panik (TEX)
3 - Vladislav Namestnikov (TEX)

Power Play

TEXAS TOROS - 0 on 3 Attempt(s) - 0,00%
KANSAS CITY KILLERBEES - 0 on 3 Attempt(s) - 0,00%

Penalty Kill

TEXAS TOROS - 3 on 3 Attempt(s) - 100,00% - Score 0 goal in Penalty Kill
KANSAS CITY KILLERBEES - 3 on 3 Attempt(s) - 100,00% - Score 0 goal in Penalty Kill

Team Stat

TEXAS TOROS - Hits : 19 - Faceoff Wins : 40 - Blocked Shots : 3 - Penalty Minutes : 6
KANSAS CITY KILLERBEES - Hits : 16 - Faceoff Wins : 31 - Blocked Shots : 10 - Penalty Minutes : 6

Official

Referees : Dan O'Rourke and Dean Morton
Linesman : Ryan Daisy and Luke Galvin

Game Notes

No Game Note

Finance

Level 1 -- Attendance: 6500 (100,00%) -- Ticket Income 975 000 $
Level 2 -- Attendance: 4173 (78,74%) -- Ticket Income 500 760 $
Level 3 -- Attendance: 1993 (79,72%) -- Ticket Income 179 370 $
Level 4 -- Attendance: 4200 (100,00%) -- Ticket Income 210 000 $
Luxury Box -- Attendance: 943 (92,45%) -- Ticket Income 273 470 $
Game was played at the Missouri Beehive Complex.
Total Attendance: 17809 (91,23%)
Total Ticket Income: 2 138 600 $
Other Expense: 21 386 $
Total Income: 2 117 214 $

TEXAS TOROS

5 vs 5 Forward 
   Center                   Left Wing                Right Wing               Time % Phy DF OF 
 1 Trevor Zegras            Vladislav Namestnikov    Jason Zucker             36     1   2  2  
 2 Eetu Luostarinen         Barrett Hayton           Richard Panik            31     1   2  2  
 3 Ryan Poehling            Brandon Duhaime          Taylor Raddysh           23     1   2  2  
 4 Connor Bunnaman          Miles Wood               Yegor Chinakhov          10     1   2  2  

5 vs 5 Defense 
   Defense                  Defense                                           Time % Phy DF OF 
 1 Ryan Suter               Nate Schmidt                                      36     1   2  2  
 2 Tyson Barrie             Alec Martinez                                     31     1   2  2  
 3 Dante Fabbro             Philippe Myers                                    23     1   2  2  
 4 Ryan Suter               Nate Schmidt                                      10     1   2  2  

PowerPlay Forward 
   Center                   Left Wing                Right Wing               Time % Phy DF OF 
 1 Trevor Zegras            Vladislav Namestnikov    Jason Zucker             55     1   2  2  
 2 Eetu Luostarinen         Barrett Hayton           Richard Panik            45     1   2  2  

PowerPlay Defense
   Defense                  Defense                                           Time % Phy DF OF 
 1 Ryan Suter               Nate Schmidt                                      55     1   2  2  
 2 Tyson Barrie             Alec Martinez                                     45     1   2  2  

Penalty Kill 4 Players Forward 
   Center                   Wing                     Time % Phy DF OF 
 1 Trevor Zegras            Eetu Luostarinen         55     1   2  2  
 2 Vladislav Namestnikov    Jason Zucker             45     1   2  2  

Penalty Kill 4 Players Defense
   Defense                  Defense                  Time % Phy DF OF 
 1 Ryan Suter               Nate Schmidt             55     1   2  2  
 2 Tyson Barrie             Alec Martinez            45     1   2  2  

Penalty Kill - 3 Players Forward 
   Forward                                           Time % Phy DF OF 
 1 Trevor Zegras                                     55     1   2  2  
 2 Eetu Luostarinen                                  45     1   2  2  

Penalty Kill - 3 Players Defense
   Defense                  Defense                  Time % Phy DF OF 
 1 Ryan Suter               Nate Schmidt             55     1   2  2  
 2 Tyson Barrie             Alec Martinez            45     1   2  2  

4 vs 4 Forward 
   Center                   Wing                     Time % Phy DF OF 
 1 Trevor Zegras            Eetu Luostarinen         55     1   2  2  
 2 Vladislav Namestnikov    Jason Zucker             45     1   2  2  

4 vs 4 Defense
   Defense                  Defense                  Time % Phy DF OF 
 1 Ryan Suter               Nate Schmidt             55     1   2  2  
 2 Tyson Barrie             Alec Martinez            45     1   2  2  

Last Minutes Offensive
   Center                   Left Wing                Right Wing               Defense                  Defense                  
   Trevor Zegras            Vladislav Namestnikov    Jason Zucker             Ryan Suter               Nate Schmidt             

Last Minutes Defensive
   Center                   Left Wing                Right Wing               Defense                  Defense                  
   Trevor Zegras            Vladislav Namestnikov    Jason Zucker             Ryan Suter               Nate Schmidt             

Goaltenders
Starting : Philipp Grubauer         
Backup : Adin Hill                

Extra Forwards
Normal : Taylor Raddysh, Ryan Poehling, Brandon Duhaime - PP : Taylor Raddysh, Ryan Poehling - PK : Brandon Duhaime
Extra Defensemen
Normal : Dante Fabbro, Philippe Myers, Tyson Barrie - PP : Dante Fabbro - PK : Philippe Myers, Tyson Barrie
Penalty Shots
Trevor Zegras, Eetu Luostarinen, Vladislav Namestnikov, Jason Zucker, Barrett Hayton
Custom OT Lines Forwards
Trevor Zegras, Eetu Luostarinen, Vladislav Namestnikov, Jason Zucker, Barrett Hayton, Richard Panik, Taylor Raddysh, Ryan Poehling, Brandon Duhaime, Yegor Chinakhov
Custom OT Lines Defensemen
Ryan Suter, Nate Schmidt, Tyson Barrie, Alec Martinez, Dante Fabbro

Scratches
Erik Gustafsson (Healthy)

KANSAS CITY KILLERBEES

5 vs 5 Forward 
   Center                   Left Wing                Right Wing               Time % Phy DF OF 
 1 Yegor Sharangovich       James van Riemsdyk       Mason Marchment          36     1   2  2  
 2 Alexis Lafreniere        Zach Aston-Reese         Tyler Johnson            31     1   2  2  
 3 Ryan Dzingel             Anders Bjork             MacKenzie Entwistle      23     1   2  2  
 4 Buddy Robinson           Michael Chaput           Jake Lucchini            10     1   2  2  

5 vs 5 Defense 
   Defense                  Defense                                           Time % Phy DF OF 
 1 Colin Miller             Jacob Muzzin                                      36     1   2  2  
 2 K'Andre Miller           Cam Fowler                                        31     1   2  2  
 3 Colin Miller             Keith Yandle                                      23     1   2  2  
 4 Will Butcher             Cam Fowler                                        10     1   2  2  

PowerPlay Forward 
   Center                   Left Wing                Right Wing               Time % Phy DF OF 
 1 Ryan Dzingel             Yegor Sharangovich       Mason Marchment          55     1   2  2  
 2 James van Riemsdyk       Alexis Lafreniere        Zach Aston-Reese         45     1   2  2  

PowerPlay Defense
   Defense                  Defense                                           Time % Phy DF OF 
 1 Colin Miller             Jacob Muzzin                                      55     1   2  2  
 2 K'Andre Miller           Keith Yandle                                      45     1   2  2  

Penalty Kill 4 Players Forward 
   Center                   Wing                     Time % Phy DF OF 
 1 Mason Marchment          Ryan Dzingel             55     1   2  2  
 2 James van Riemsdyk       Yegor Sharangovich       45     1   2  2  

Penalty Kill 4 Players Defense
   Defense                  Defense                  Time % Phy DF OF 
 1 Colin Miller             Jacob Muzzin             55     1   2  2  
 2 K'Andre Miller           Will Butcher             45     1   2  2  

Penalty Kill - 3 Players Forward 
   Forward                                           Time % Phy DF OF 
 1 Ryan Dzingel                                      55     1   2  2  
 2 Mason Marchment                                   45     1   2  2  

Penalty Kill - 3 Players Defense
   Defense                  Defense                  Time % Phy DF OF 
 1 Cam Fowler               Jacob Muzzin             55     1   2  2  
 2 K'Andre Miller           Colin Miller             45     1   2  2  

4 vs 4 Forward 
   Center                   Wing                     Time % Phy DF OF 
 1 Mason Marchment          Ryan Dzingel             55     1   2  2  
 2 Yegor Sharangovich       James van Riemsdyk       45     1   2  2  

4 vs 4 Defense
   Defense                  Defense                  Time % Phy DF OF 
 1 Cam Fowler               Jacob Muzzin             55     1   2  2  
 2 K'Andre Miller           Colin Miller             45     1   2  2  

Last Minutes Offensive
   Center                   Left Wing                Right Wing               Defense                  Defense                  
   Yegor Sharangovich       James van Riemsdyk       Mason Marchment          K'Andre Miller           Jacob Muzzin             

Last Minutes Defensive
   Center                   Left Wing                Right Wing               Defense                  Defense                  
   Yegor Sharangovich       James van Riemsdyk       Mason Marchment          K'Andre Miller           Jacob Muzzin             

Goaltenders
Starting : Ilya Samsonov            
Backup : Casey DeSmith            

Extra Forwards
Normal : Ryan Dzingel, Mason Marchment, Tyler Johnson - PP : Ryan Dzingel, Mason Marchment - PK : Ryan Dzingel
Extra Defensemen
Normal : Colin Miller, Jacob Muzzin, K'Andre Miller - PP : Colin Miller - PK : Jacob Muzzin, Colin Miller
Penalty Shots
Tyler Johnson, Michael Chaput, Anders Bjork, Ryan Dzingel, Mason Marchment
Custom OT Lines Forwards
Tyler Johnson, Anders Bjork, Buddy Robinson, Mason Marchment, MacKenzie Entwistle, Ryan Dzingel, Jake Lucchini, James van Riemsdyk, Yegor Sharangovich, Michael Chaput
Custom OT Lines Defensemen
Cam Fowler, Jacob Muzzin, K'Andre Miller, Keith Yandle, Colin Miller

Scratches
Cody McLeod (Healthy), Jeff Kubiak (Healthy), Brett Connolly (Healthy)

% Time on Ice - TEXAS TOROS

Lines # - Real PCT - Wanted PCT - Time Play
Normal Forward
1 - 32% - 36% - 15:11
2 - 28% - 31% - 13:35
3 - 24% - 23% - 11:27
4 - 16% - 10% - 7:53
Normal Defense
1 - 36% - 36% - 17:26
2 - 34% - 31% - 16:09
3 - 28% - 23% - 13:26
4 - 2% - 10% - 1:05
PP Forward
1 - 47% - 55% - 2:48
2 - 53% - 45% - 3:09
PP Defense
1 - 57% - 55% - 3:22
2 - 43% - 45% - 2:35
PK Forward
1 - 61% - 55% - 3:38
2 - 39% - 45% - 2:19
PK Defense
1 - 53% - 55% - 3:10
2 - 47% - 45% - 2:47
PK3 Forward
1 - 0% - 55%
2 - 0% - 45%
PK3 Defense
1 - 0% - 55%
2 - 0% - 45%
44 Forward
1 - 0% - 55%
2 - 0% - 45%
44 Defense
1 - 0% - 55%
2 - 0% - 45%
Last Minute Offensive  - 0:00
Last Minute Defensive  - 0:00
Total
Forward - 60:00
Defense - 60:00

% Time on Ice - KANSAS CITY KILLERBEES

Lines # - Real PCT - Wanted PCT - Time Play
Normal Forward
1 - 33% - 36% - 16:00
2 - 28% - 31% - 13:31
3 - 22% - 23% - 10:39
4 - 16% - 10% - 7:56
Normal Defense
1 - 31% - 36% - 14:43
2 - 30% - 31% - 14:24
3 - 20% - 23% - 9:39
4 - 19% - 10% - 9:20
PP Forward
1 - 46% - 55% - 2:45
2 - 54% - 45% - 3:12
PP Defense
1 - 53% - 55% - 3:10
2 - 47% - 45% - 2:47
PK Forward
1 - 58% - 55% - 3:26
2 - 42% - 45% - 2:31
PK Defense
1 - 40% - 55% - 2:24
2 - 60% - 45% - 3:33
PK3 Forward
1 - 0% - 55%
2 - 0% - 45%
PK3 Defense
1 - 0% - 55%
2 - 0% - 45%
44 Forward
1 - 0% - 55%
2 - 0% - 45%
44 Defense
1 - 0% - 55%
2 - 0% - 45%
Last Minute Offensive  - 0:00
Last Minute Defensive  - 0:00
Total
Forward - 60:00
Defense - 60:00

Play-by-Play

1st period


0:01 of 1st period - Yegor Sharangovich wins face-off versus Trevor Zegras in neutral zone.
0:32 of 1st period - Nate Schmidt is hit by Mason Marchment and loses puck.
0:40 of 1st period - Minor Penalty to Mason Marchment for Holding.
0:41 of 1st period - Eetu Luostarinen wins face-off versus Alexis Lafreniere in KANSAS CITY KILLERBEES zone.
0:42 of 1st period - Shot by Tyson Barrie.
0:42 of 1st period - Shot Misses the Net.
1:04 of 1st period - Shot by Eetu Luostarinen.
1:04 of 1st period - Shot Misses the Net.
1:06 of 1st period - Shot by Alec Martinez.
1:06 of 1st period - Shot Misses the Net.
1:14 of 1st period - Shot by Richard Panik.
1:14 of 1st period - Deflect By Eetu Luostarinen.
1:14 of 1st period - Stopped by Ilya Samsonov without a rebound.
1:15 of 1st period - Alexis Lafreniere wins face-off versus Trevor Zegras in KANSAS CITY KILLERBEES zone.
1:38 of 1st period - Shot by Ryan Suter.
1:38 of 1st period - Shot Blocked by Alexis Lafreniere.
1:40 of 1st period - Shot by Trevor Zegras.
1:40 of 1st period - Stopped by Ilya Samsonov without a rebound.
1:41 of 1st period - Eetu Luostarinen wins face-off versus Alexis Lafreniere in KANSAS CITY KILLERBEES zone.
2:13 of 1st period - Shot by Tyson Barrie.
2:13 of 1st period - Stopped by Ilya Samsonov without a rebound.
2:14 of 1st period - Trevor Zegras wins face-off versus James van Riemsdyk in KANSAS CITY KILLERBEES zone.
2:15 of 1st period - Shot by Vladislav Namestnikov.
2:15 of 1st period - Shot Misses the Net.
2:50 of 1st period - Taylor Raddysh is hit by K'Andre Miller and loses puck.
2:59 of 1st period - Philippe Myers is hit by Michael Chaput and loses puck.
3:54 of 1st period - Shot by Barrett Hayton.
3:54 of 1st period - Stopped by Ilya Samsonov with a rebound.
3:56 of 1st period - Shot by Eetu Luostarinen.
3:56 of 1st period - Stopped by Ilya Samsonov with a rebound.
3:58 of 1st period - Shot by Alec Martinez.
3:58 of 1st period - Goal by Alec Martinez - TEXAS TOROS : 1 - KANSAS CITY KILLERBEES : 0.
3:59 of 1st period - Trevor Zegras wins face-off versus Alexis Lafreniere in neutral zone.
4:14 of 1st period - Shot by Alexis Lafreniere.
4:14 of 1st period - Stopped by Philipp Grubauer without a rebound.
4:15 of 1st period - Ryan Dzingel wins face-off versus Yegor Chinakhov in TEXAS TOROS zone.
4:16 of 1st period - Shot by Anders Bjork.
4:16 of 1st period - Deflect By Ryan Dzingel.
4:16 of 1st period - Stopped by Philipp Grubauer with a rebound.
4:18 of 1st period - Shot by Keith Yandle.
4:18 of 1st period - Deflect By Ryan Dzingel.
4:18 of 1st period - Goal by Ryan Dzingel - TEXAS TOROS : 1 - KANSAS CITY KILLERBEES : 1.
4:19 of 1st period - Richard Panik wins face-off versus Alexis Lafreniere in neutral zone.
5:01 of 1st period - Shot by Eetu Luostarinen.
5:01 of 1st period - Shot Blocked by Colin Miller.
6:06 of 1st period - Icing by MacKenzie Entwistle.
6:07 of 1st period - Ryan Dzingel wins face-off versus Taylor Raddysh in KANSAS CITY KILLERBEES zone.
6:13 of 1st period - Off-side.
6:14 of 1st period - Connor Bunnaman wins face-off versus Yegor Sharangovich in neutral zone.
6:47 of 1st period - Yegor Chinakhov is hit by James van Riemsdyk and loses puck.
6:59 of 1st period - Minor Penalty to Zach Aston-Reese for Elbowing.
7:00 of 1st period - Eetu Luostarinen wins face-off versus Mason Marchment in KANSAS CITY KILLERBEES zone.
7:32 of 1st period - Icing by Nate Schmidt.
7:33 of 1st period - Barrett Hayton wins face-off versus James van Riemsdyk in TEXAS TOROS zone.
7:48 of 1st period - Mason Marchment is hit by Barrett Hayton and loses puck.
8:00 of 1st period - Off-side.
8:01 of 1st period - Trevor Zegras wins face-off versus Mason Marchment in neutral zone.
8:21 of 1st period - Shot by Trevor Zegras.
8:21 of 1st period - Shot Misses the Net.
8:23 of 1st period - Shot by Alec Martinez.
8:23 of 1st period - Shot Misses the Net.
8:25 of 1st period - Shot by Alec Martinez.
8:25 of 1st period - Shot Blocked by K'Andre Miller.
8:27 of 1st period - Shot by Alec Martinez.
8:27 of 1st period - Stopped by Ilya Samsonov without a rebound.
8:28 of 1st period - Mason Marchment wins face-off versus Trevor Zegras in KANSAS CITY KILLERBEES zone.
8:37 of 1st period - Colin Miller is hit by Jason Zucker and loses puck.
8:56 of 1st period - Shot by Vladislav Namestnikov.
8:56 of 1st period - Shot Blocked by Jacob Muzzin.
9:37 of 1st period - Icing by K'Andre Miller.
9:38 of 1st period - Eetu Luostarinen wins face-off versus Alexis Lafreniere in KANSAS CITY KILLERBEES zone.
9:51 of 1st period - Shot by Eetu Luostarinen.
9:51 of 1st period - Stopped by Ilya Samsonov without a rebound.
9:52 of 1st period - Ryan Poehling wins face-off versus Yegor Sharangovich in KANSAS CITY KILLERBEES zone.
9:59 of 1st period - Shot by Yegor Sharangovich.
9:59 of 1st period - Stopped by Philipp Grubauer without a rebound.
10:00 of 1st period - Yegor Sharangovich wins face-off versus Trevor Zegras in TEXAS TOROS zone.
11:34 of 1st period - Off-side.
11:35 of 1st period - Ryan Poehling wins face-off versus Ryan Dzingel in neutral zone.
11:46 of 1st period - Shot by Taylor Raddysh.
11:46 of 1st period - Shot Blocked by K'Andre Miller.
11:51 of 1st period - Minor Penalty to Brandon Duhaime for Tripping.
11:52 of 1st period - Trevor Zegras wins face-off versus Ryan Dzingel in TEXAS TOROS zone.
11:58 of 1st period - Icing by Zach Aston-Reese.
11:59 of 1st period - Trevor Zegras wins face-off versus Ryan Dzingel in KANSAS CITY KILLERBEES zone.
13:55 of 1st period - Icing by Cam Fowler.
13:56 of 1st period - Ryan Poehling wins face-off versus Buddy Robinson in KANSAS CITY KILLERBEES zone.
13:59 of 1st period - Shot by Brandon Duhaime.
13:59 of 1st period - Shot Misses the Net.
14:01 of 1st period - Shot by Taylor Raddysh.
14:01 of 1st period - Shot Blocked by Will Butcher.
14:03 of 1st period - Shot by Dante Fabbro.
14:03 of 1st period - Stopped by Ilya Samsonov without a rebound.
14:04 of 1st period - Ryan Poehling wins face-off versus Ryan Dzingel in KANSAS CITY KILLERBEES zone.
14:06 of 1st period - Taylor Raddysh is hit by Will Butcher and loses puck.
14:37 of 1st period - Shot by Anders Bjork.
14:37 of 1st period - Shot Blocked by Philippe Myers.
15:13 of 1st period - Shot by Tyler Johnson.
15:13 of 1st period - Shot Misses the Net.
15:35 of 1st period - Shot by Jason Zucker.
15:35 of 1st period - Stopped by Ilya Samsonov without a rebound.
15:36 of 1st period - Yegor Sharangovich wins face-off versus Eetu Luostarinen in KANSAS CITY KILLERBEES zone.
15:36 of 1st period - Yegor Sharangovich is hit by Barrett Hayton.
15:49 of 1st period - Shot by Eetu Luostarinen.
15:49 of 1st period - Shot Blocked by Cam Fowler.
15:54 of 1st period - Mason Marchment is hit by Alec Martinez.
15:59 of 1st period - Minor Penalty to Alec Martinez for Roughing.
16:00 of 1st period - James van Riemsdyk wins face-off versus Trevor Zegras in TEXAS TOROS zone.
17:37 of 1st period - Shot by Zach Aston-Reese.
17:37 of 1st period - Stopped by Philipp Grubauer without a rebound.
17:38 of 1st period - Trevor Zegras wins face-off versus Yegor Sharangovich in TEXAS TOROS zone.
18:20 of 1st period - Off-side.
18:21 of 1st period - Tyler Johnson wins face-off versus Ryan Poehling in neutral zone.
18:53 of 1st period - Shot by Ryan Suter.
18:53 of 1st period - Stopped by Ilya Samsonov without a rebound.
18:54 of 1st period - Trevor Zegras wins face-off versus Buddy Robinson in KANSAS CITY KILLERBEES zone.
18:54 of 1st period - Jason Zucker is hit by Colin Miller and loses puck.
19:04 of 1st period - Minor Penalty to Jacob Muzzin for Hooking.
19:05 of 1st period - Mason Marchment wins face-off versus Eetu Luostarinen in KANSAS CITY KILLERBEES zone.
19:59 of 1st period - Off-side.
Goals for this period are 1 for TEXAS TOROS vs 1 for KANSAS CITY KILLERBEES.
Shots for this period are 11 for TEXAS TOROS vs 5 for KANSAS CITY KILLERBEES.

2nd period


0:01 of 2nd period - Trevor Zegras wins face-off versus Mason Marchment in neutral zone.
0:20 of 2nd period - Shot by Ryan Suter.
0:20 of 2nd period - Shot Blocked by Cam Fowler.
1:04 of 2nd period - Shot by Eetu Luostarinen.
1:04 of 2nd period - Stopped by Ilya Samsonov without a rebound.
1:05 of 2nd period - Ryan Poehling wins face-off versus Alexis Lafreniere in KANSAS CITY KILLERBEES zone.
2:21 of 2nd period - Shot by Barrett Hayton.
2:21 of 2nd period - Shot Blocked by Jacob Muzzin.
2:23 of 2nd period - Shot by Barrett Hayton.
2:23 of 2nd period - Goal by Barrett Hayton - TEXAS TOROS : 2 - KANSAS CITY KILLERBEES : 1.
2:24 of 2nd period - Yegor Sharangovich wins face-off versus Trevor Zegras in neutral zone.
3:54 of 2nd period - Jacob Muzzin is hit by Brandon Duhaime and loses puck.
4:43 of 2nd period - Shot by Eetu Luostarinen.
4:43 of 2nd period - Shot Misses the Net.
4:51 of 2nd period - Shot by Eetu Luostarinen.
4:51 of 2nd period - Stopped by Ilya Samsonov with a rebound.
5:16 of 2nd period - Icing by Buddy Robinson.
5:17 of 2nd period - Buddy Robinson wins face-off versus Trevor Zegras in KANSAS CITY KILLERBEES zone.
5:58 of 2nd period - Mason Marchment is hit by Jason Zucker and loses puck.
6:38 of 2nd period - Icing by Will Butcher.
6:39 of 2nd period - Alexis Lafreniere wins face-off versus Eetu Luostarinen in KANSAS CITY KILLERBEES zone.
6:39 of 2nd period - Alexis Lafreniere is hit by Richard Panik.
6:45 of 2nd period - Shot by Tyson Barrie.
6:45 of 2nd period - Stopped by Ilya Samsonov without a rebound.
6:46 of 2nd period - Eetu Luostarinen wins face-off versus Ryan Dzingel in KANSAS CITY KILLERBEES zone.
7:09 of 2nd period - Icing by Richard Panik.
7:10 of 2nd period - Yegor Sharangovich wins face-off versus Eetu Luostarinen in TEXAS TOROS zone.
7:33 of 2nd period - Shot by Barrett Hayton.
7:33 of 2nd period - Stopped by Ilya Samsonov without a rebound.
7:34 of 2nd period - Alexis Lafreniere wins face-off versus Trevor Zegras in KANSAS CITY KILLERBEES zone.
7:44 of 2nd period - Alexis Lafreniere is hit by Nate Schmidt.
7:46 of 2nd period - Shot by Zach Aston-Reese.
7:46 of 2nd period - Shot Misses the Net.
7:49 of 2nd period - Icing by Ryan Suter.
7:50 of 2nd period - Trevor Zegras wins face-off versus Yegor Sharangovich in TEXAS TOROS zone.
8:01 of 2nd period - Shot by Trevor Zegras.
8:01 of 2nd period - Shot Misses the Net.
8:36 of 2nd period - Off-side.
8:37 of 2nd period - Eetu Luostarinen wins face-off versus Alexis Lafreniere in neutral zone.
8:54 of 2nd period - Shot by Barrett Hayton.
8:54 of 2nd period - Shot Misses the Net.
9:02 of 2nd period - Shot by Eetu Luostarinen.
9:02 of 2nd period - Deflect By Barrett Hayton.
9:02 of 2nd period - Stopped by Ilya Samsonov with a rebound.
9:04 of 2nd period - Shot by Eetu Luostarinen.
9:04 of 2nd period - Shot Misses the Net.
9:16 of 2nd period - Shot by Barrett Hayton.
9:16 of 2nd period - Shot Misses the Net.
9:18 of 2nd period - Shot by Alec Martinez.
9:18 of 2nd period - Shot Misses the Net.
9:37 of 2nd period - Icing by Dante Fabbro.
9:38 of 2nd period - Yegor Sharangovich wins face-off versus Taylor Raddysh in TEXAS TOROS zone.
9:43 of 2nd period - Shot by Yegor Sharangovich.
9:43 of 2nd period - Shot Blocked by Dante Fabbro.
10:27 of 2nd period - Ryan Suter is hit by Mason Marchment and loses puck.
10:50 of 2nd period - Shot by Trevor Zegras.
10:50 of 2nd period - Deflect By Vladislav Namestnikov.
10:50 of 2nd period - Shot Misses the Net.
10:52 of 2nd period - Shot by Jason Zucker.
10:52 of 2nd period - Shot Misses the Net.
10:54 of 2nd period - Shot by Trevor Zegras.
10:54 of 2nd period - Stopped by Ilya Samsonov without a rebound.
10:55 of 2nd period - Michael Chaput wins face-off versus Eetu Luostarinen in KANSAS CITY KILLERBEES zone.
10:55 of 2nd period - Michael Chaput is hit by Richard Panik.
11:10 of 2nd period - Shot by Barrett Hayton.
11:10 of 2nd period - Stopped by Ilya Samsonov with a rebound.
11:12 of 2nd period - Shot by Eetu Luostarinen.
11:12 of 2nd period - Shot Misses the Net.
11:14 of 2nd period - Shot by Barrett Hayton.
11:14 of 2nd period - Stopped by Ilya Samsonov with a rebound.
11:54 of 2nd period - Icing by Alec Martinez.
11:55 of 2nd period - Ryan Dzingel wins face-off versus Eetu Luostarinen in TEXAS TOROS zone.
12:02 of 2nd period - Shot by Anders Bjork.
12:02 of 2nd period - Deflect By Ryan Dzingel.
12:02 of 2nd period - Stopped by Philipp Grubauer without a rebound.
12:03 of 2nd period - Trevor Zegras wins face-off versus Yegor Sharangovich in TEXAS TOROS zone.
12:23 of 2nd period - Shot by Jason Zucker.
12:23 of 2nd period - Stopped by Ilya Samsonov without a rebound.
12:24 of 2nd period - Ryan Poehling wins face-off versus Alexis Lafreniere in KANSAS CITY KILLERBEES zone.
13:12 of 2nd period - Will Butcher is hit by Brandon Duhaime and loses puck.
13:57 of 2nd period - Shot by Trevor Zegras.
13:57 of 2nd period - Shot Misses the Net.
14:08 of 2nd period - Icing by Ryan Suter.
14:09 of 2nd period - Trevor Zegras wins face-off versus Ryan Dzingel in TEXAS TOROS zone.
14:13 of 2nd period - Off-side.
14:14 of 2nd period - Ryan Dzingel wins face-off versus Eetu Luostarinen in neutral zone.
14:29 of 2nd period - Shot by Ryan Dzingel.
14:29 of 2nd period - Deflect By Anders Bjork.
14:29 of 2nd period - Stopped by Philipp Grubauer without a rebound.
14:30 of 2nd period - Buddy Robinson wins face-off versus Trevor Zegras in TEXAS TOROS zone.
14:37 of 2nd period - Nate Schmidt is hit by Buddy Robinson and loses puck.
15:08 of 2nd period - Shot by Trevor Zegras.
15:08 of 2nd period - Stopped by Ilya Samsonov without a rebound.
15:09 of 2nd period - Yegor Sharangovich wins face-off versus Barrett Hayton in KANSAS CITY KILLERBEES zone.
15:16 of 2nd period - Alec Martinez is hit by Mason Marchment and loses puck.
15:38 of 2nd period - Alec Martinez is hit by Mason Marchment and loses puck.
15:51 of 2nd period - Shot by Barrett Hayton.
15:51 of 2nd period - Shot Misses the Net.
16:02 of 2nd period - Off-side.
16:03 of 2nd period - Trevor Zegras wins face-off versus MacKenzie Entwistle in neutral zone.
16:30 of 2nd period - Cam Fowler is hit by Jason Zucker.
16:36 of 2nd period - Shot by Trevor Zegras.
16:36 of 2nd period - Shot Misses the Net.
16:44 of 2nd period - Shot by Vladislav Namestnikov.
16:44 of 2nd period - Goal by Vladislav Namestnikov - TEXAS TOROS : 3 - KANSAS CITY KILLERBEES : 1.
16:45 of 2nd period - Ryan Poehling wins face-off versus Tyler Johnson in neutral zone.
16:49 of 2nd period - Brandon Duhaime is hit by Keith Yandle and loses puck.
17:08 of 2nd period - Shot by Taylor Raddysh.
17:08 of 2nd period - Stopped by Ilya Samsonov with a rebound.
17:16 of 2nd period - Shot by Brandon Duhaime.
17:16 of 2nd period - Shot Blocked by Colin Miller.
17:20 of 2nd period - Shot by Ryan Poehling.
17:20 of 2nd period - Stopped by Ilya Samsonov with a rebound.
17:22 of 2nd period - Shot by Philippe Myers.
17:22 of 2nd period - Stopped by Ilya Samsonov without a rebound.
17:23 of 2nd period - Yegor Sharangovich wins face-off versus Eetu Luostarinen in KANSAS CITY KILLERBEES zone.
17:44 of 2nd period - Shot by James van Riemsdyk.
17:44 of 2nd period - Deflect By Mason Marchment.
17:44 of 2nd period - Shot Blocked by Alec Martinez.
17:50 of 2nd period - Shot by Barrett Hayton.
17:50 of 2nd period - Shot Misses the Net.
18:35 of 2nd period - Ryan Suter is hit by MacKenzie Entwistle and loses puck.
18:46 of 2nd period - Shot by Nate Schmidt.
18:46 of 2nd period - Shot Misses the Net.
18:56 of 2nd period - Shot by Trevor Zegras.
18:56 of 2nd period - Deflect By Jason Zucker.
18:56 of 2nd period - Stopped by Ilya Samsonov without a rebound.
18:57 of 2nd period - Connor Bunnaman wins face-off versus Alexis Lafreniere in KANSAS CITY KILLERBEES zone.
18:58 of 2nd period - Shot by Dante Fabbro.
18:58 of 2nd period - Shot Misses the Net.
19:48 of 2nd period - Shot by Taylor Raddysh.
19:48 of 2nd period - Stopped by Ilya Samsonov with a rebound.
19:50 of 2nd period - Shot by Taylor Raddysh.
19:50 of 2nd period - Stopped by Ilya Samsonov with a rebound.
Goals for this period are 2 for TEXAS TOROS vs 0 for KANSAS CITY KILLERBEES.
Shots for this period are 18 for TEXAS TOROS vs 2 for KANSAS CITY KILLERBEES.

3rd period


0:01 of 3rd period - Yegor Sharangovich wins face-off versus Trevor Zegras in neutral zone.
0:05 of 3rd period - Nate Schmidt is hit by Colin Miller.
0:40 of 3rd period - Icing by Ryan Suter.
0:41 of 3rd period - Trevor Zegras wins face-off versus Anders Bjork in TEXAS TOROS zone.
1:34 of 3rd period - Shot by Barrett Hayton.
1:34 of 3rd period - Stopped by Ilya Samsonov with a rebound.
2:10 of 3rd period - Shot by Taylor Raddysh.
2:10 of 3rd period - Deflect By Ryan Poehling.
2:10 of 3rd period - Shot Misses the Net.
2:14 of 3rd period - Shot by Taylor Raddysh.
2:14 of 3rd period - Shot Misses the Net.
2:16 of 3rd period - Shot by Taylor Raddysh.
2:16 of 3rd period - Stopped by Ilya Samsonov without a rebound.
2:17 of 3rd period - Connor Bunnaman wins face-off versus Yegor Sharangovich in KANSAS CITY KILLERBEES zone.
4:06 of 3rd period - Shot by Eetu Luostarinen.
4:06 of 3rd period - Shot Misses the Net.
4:18 of 3rd period - Shot by Richard Panik.
4:18 of 3rd period - Stopped by Ilya Samsonov with a rebound.
4:46 of 3rd period - Shot by Alexis Lafreniere.
4:46 of 3rd period - Shot Misses the Net.
4:48 of 3rd period - Shot by Zach Aston-Reese.
4:48 of 3rd period - Shot Misses the Net.
5:00 of 3rd period - Shot by Cam Fowler.
5:00 of 3rd period - Stopped by Philipp Grubauer without a rebound.
5:01 of 3rd period - Ryan Dzingel wins face-off versus Connor Bunnaman in TEXAS TOROS zone.
5:01 of 3rd period - Ryan Dzingel is hit by Alec Martinez.
6:20 of 3rd period - Shot by Jason Zucker.
6:20 of 3rd period - Stopped by Ilya Samsonov without a rebound.
6:21 of 3rd period - Eetu Luostarinen wins face-off versus Buddy Robinson in KANSAS CITY KILLERBEES zone.
6:34 of 3rd period - Shot by Richard Panik.
6:34 of 3rd period - Stopped by Ilya Samsonov without a rebound.
6:35 of 3rd period - Ryan Poehling wins face-off versus Ryan Dzingel in KANSAS CITY KILLERBEES zone.
6:48 of 3rd period - Cam Fowler is hit by Nate Schmidt.
7:23 of 3rd period - Shot by Zach Aston-Reese.
7:23 of 3rd period - Stopped by Philipp Grubauer without a rebound.
7:24 of 3rd period - Buddy Robinson wins face-off versus Trevor Zegras in TEXAS TOROS zone.
8:08 of 3rd period - Icing by Cam Fowler.
8:09 of 3rd period - Eetu Luostarinen wins face-off versus Buddy Robinson in KANSAS CITY KILLERBEES zone.
9:06 of 3rd period - Minor Penalty to Connor Bunnaman for Hooking.
9:07 of 3rd period - Mason Marchment wins face-off versus Trevor Zegras in TEXAS TOROS zone.
10:40 of 3rd period - Shot by Mason Marchment.
10:40 of 3rd period - Stopped by Philipp Grubauer without a rebound.
10:41 of 3rd period - Trevor Zegras wins face-off versus Alexis Lafreniere in TEXAS TOROS zone.
10:41 of 3rd period - Trevor Zegras is hit by Zach Aston-Reese.
10:54 of 3rd period - Shot by Colin Miller.
10:54 of 3rd period - Shot Misses the Net.
10:56 of 3rd period - Shot by Colin Miller.
10:56 of 3rd period - Shot Misses the Net.
11:16 of 3rd period - Shot by Ryan Dzingel.
11:16 of 3rd period - Stopped by Philipp Grubauer without a rebound.
11:17 of 3rd period - Connor Bunnaman wins face-off versus Ryan Dzingel in TEXAS TOROS zone.
12:29 of 3rd period - Shot by Alec Martinez.
12:29 of 3rd period - Stopped by Ilya Samsonov without a rebound.
12:30 of 3rd period - Jason Zucker wins face-off versus Yegor Sharangovich in KANSAS CITY KILLERBEES zone.
12:41 of 3rd period - Off-side.
12:42 of 3rd period - Alexis Lafreniere wins face-off versus Barrett Hayton in neutral zone.
13:01 of 3rd period - Shot by Zach Aston-Reese.
13:01 of 3rd period - Shot Misses the Net.
13:03 of 3rd period - Shot by Colin Miller.
13:03 of 3rd period - Stopped by Philipp Grubauer without a rebound.
13:04 of 3rd period - Yegor Sharangovich wins face-off versus Trevor Zegras in TEXAS TOROS zone.
13:28 of 3rd period - Shot by Mason Marchment.
13:28 of 3rd period - Stopped by Philipp Grubauer without a rebound.
13:29 of 3rd period - Tyler Johnson wins face-off versus Eetu Luostarinen in TEXAS TOROS zone.
13:30 of 3rd period - Shot by Alexis Lafreniere.
13:30 of 3rd period - Shot Misses the Net.
14:01 of 3rd period - Icing by Cam Fowler.
14:02 of 3rd period - Trevor Zegras wins face-off versus Alexis Lafreniere in KANSAS CITY KILLERBEES zone.
14:05 of 3rd period - Shot by Trevor Zegras.
14:05 of 3rd period - Stopped by Ilya Samsonov without a rebound.
14:06 of 3rd period - Yegor Sharangovich wins face-off versus Trevor Zegras in KANSAS CITY KILLERBEES zone.
14:06 of 3rd period - Yegor Sharangovich is hit by Jason Zucker.
14:26 of 3rd period - Shot by Mason Marchment.
14:26 of 3rd period - Stopped by Philipp Grubauer with a rebound.
14:29 of 3rd period - Mason Marchment is hit by Tyson Barrie and loses puck.
14:38 of 3rd period - Shot by Yegor Sharangovich.
14:38 of 3rd period - Deflect By James van Riemsdyk.
14:38 of 3rd period - Stopped by Philipp Grubauer without a rebound.
14:39 of 3rd period - Eetu Luostarinen wins face-off versus Alexis Lafreniere in TEXAS TOROS zone.
14:47 of 3rd period - K'Andre Miller is hit by Richard Panik and loses puck.
15:17 of 3rd period - Alexis Lafreniere is hit by Ryan Suter and loses puck.
15:41 of 3rd period - Off-side.
15:42 of 3rd period - Trevor Zegras wins face-off versus Yegor Sharangovich in neutral zone.
15:45 of 3rd period - Shot by Vladislav Namestnikov.
15:45 of 3rd period - Deflect By Trevor Zegras.
15:45 of 3rd period - Shot Misses the Net.
16:52 of 3rd period - Shot by Anders Bjork.
16:52 of 3rd period - Shot Misses the Net.
17:20 of 3rd period - Taylor Raddysh is hit by MacKenzie Entwistle and loses puck.
17:26 of 3rd period - Alec Martinez is hit by MacKenzie Entwistle.
17:44 of 3rd period - Shot by Eetu Luostarinen.
17:44 of 3rd period - Stopped by Ilya Samsonov with a rebound.
17:46 of 3rd period - Shot by Richard Panik.
17:46 of 3rd period - Deflect By Barrett Hayton.
17:46 of 3rd period - Stopped by Ilya Samsonov without a rebound.
17:47 of 3rd period - Alexis Lafreniere wins face-off versus Yegor Chinakhov in KANSAS CITY KILLERBEES zone.
17:47 of 3rd period - Alexis Lafreniere is hit by Miles Wood.
18:25 of 3rd period - Zach Aston-Reese is hit by Ryan Suter and loses puck.
Goals for this period are 0 for TEXAS TOROS vs 0 for KANSAS CITY KILLERBEES.
Shots for this period are 9 for TEXAS TOROS vs 8 for KANSAS CITY KILLERBEES.


DARCY
KUEMPER
JAKE
OETTINGER
NINO
NIEDERREITER

EAST COAST

HOCKEY LEAGUE

  • 1.CHI2QUE4
  • 2.LIM2CHA3
  • 3.LON3TRV5
  • 4.BAL5CHW6
  • 5.MANPIT
  • 6.NHWATL
  • 7.PETWOR
  • 8.RHI